Map: Abyssal Reef LE

Players

Scarlett - Winner!

  • Race: Zerg Zerg
  • League: Diamond
  • Spawn Location: 11:00

DnS

  • Race: Protoss Protoss
  • League: Grandmaster
  • Spawn Location: 5:00

Event: HomeStory Cup XVI

VOD

Have the link to the VOD?

Description

Time

  • Played on: Nov. 10, 2017, 1:06 p.m.
  • Length: 29:40

All games in this series

Show
View Real Time Build Order
Export as new Build Order

Scarlett Zerg - Winner!

Build Orders: Pool First, Lurkers 

Get SALT Encoding   

  12  0:00  Drone  
  13  0:12  Overlord  
  13  0:19  Drone  
  14  0:30  Drone x2  
  14  0:34  Drone  
  17  0:46  Extractor  
  17  0:48  Spawning Pool  
  17  0:49  Drone  
  16  0:56  Drone  
  17  1:15  Hatchery  
  17  1:18  Drone  
  17  1:23  Drone  
  18  1:28  Drone  
  19  1:37  Queen  
  21  1:41  Zergling x2  
  22  1:50  Metabolic Boost  
  22  1:54  Overlord  
  22  2:13  Queen, Drone x2  
  26  2:21  Drone  
  27  2:28  Evolution Chamber  
  26  2:32  Drone x2  
  26  2:34  Queen  
  30  2:42  Zergling x2  
  30  2:44  Zergling x2  
  32  2:54  Zerg Melee Weapons Level 1  
  32  2:55  Zergling x2  
  32  2:56  Zergling x6  
  35  3:00  Overlord  
  35  3:11  Drone  
  36  3:20  Drone  
  36  3:21  Drone x2  
  36  3:24  Drone x2  
  36  3:25  Drone x2  
  36  3:26  Drone  
  44  3:36  Overlord  
  44  3:44  Hatchery  
  44  3:47  Spore Crawler  
  44  3:48  Drone x2  
  44  3:55  Drone x4  
  46  4:01  Overlord  
  48  4:07  Drone x4  
  48  4:09  Spore Crawler  
  51  4:13  Extractor  
  51  4:16  Overlord  
  48  4:25  Drone x5  
  48  4:26  Drone  
  54  4:36  Drone x2  
  56  4:43  Overlord  
  56  4:48  Zerg Missile Weapons Level 1  
  56  4:53  Drone x3  
  56  4:54  Overlord x2  
  56  4:59  Spore Crawler, Zergling x6  
  61  5:02  Lair  
  61  5:05  Queen  
  61  5:06  Zergling x2  
  61  5:07  Zergling x2  
  65  5:14  Overlord  
  65  5:18  Drone  
  65  5:19  Drone x3  
  69  5:24  Overlord x2  
  69  5:25  Overlord  
  69  5:35  Overlord  
  69  5:36  Overlord x2  
  69  5:38  Extractor, Drone  
  69  5:39  Drone x3  
  69  5:40  Baneling Nest  
  69  5:41  Overlord  
  71  5:44  Zergling x4  
  72  5:59  Drone  
  72  6:00  Drone x4  
  72  6:03  Overseer  
  72  6:04  Hydralisk Den  
  76  6:06  Extractor  
  76  6:08  Extractor  
  76  6:09  Extractor  
  76  6:10  Drone x6  
  79  6:16  Overlord  
  79  6:19  Drone  
  79  6:20  Drone x5  
  79  6:21  Hatchery  
  84  6:26  Centrifical Hooks  
  84  6:27  Drone  
  85  6:34  Muscular Augments  
  85  6:35  Hydralisk x2  
  85  6:39  Drone x3  
  91  6:41  Drone  
  91  6:46  Zerg Missile Weapons Level 2  
  92  6:49  Overseer  
  92  6:52  Drone x2  
  94  6:57  Extractor, Lurker Den  
  94  6:59  Extractor  
  91  7:03  Hydralisk x2  
  95  7:10  Drone x6  
  95  7:11  Hydralisk  
  95  7:12  Hydralisk x2  
  107  7:18  Drone x5  
  112  7:23  Hatchery  
  112  7:26  Hydralisk x3  
  117  7:32  Drone x4  
  121  7:37  Hydralisk  
  121  7:38  Hydralisk  
  121  7:43  Overlord  
  125  7:55  Drone x6  
  125  7:56  Drone  
  125  7:58  Hatchery  
  131  8:00  Infestation Pit  
  129  8:06  Hydralisk x7  
  140  8:16  Spore Crawler  
  140  8:18  Spine Crawler  
  138  8:29  Lurker x8  
  146  8:42  Extractor  
  146  8:47  Extractor  
  144  8:50  Hive  
  144  8:53  Spire  
  144  8:55  Lurker x2  
  144  8:56  Lurker  
  146  9:05  Spine Crawler  
  144  9:14  Overlord x2  
  144  9:15  Overlord x2  
  144  9:22  Hydralisk x9  
  162  9:30  Zerg Melee Weapons Level 2  
  160  9:32  Evolution Chamber  
  159  9:43  Lurker x5, Spine Crawler  
  163  9:48  Spine Crawler  
  163  9:49  Spine Crawler, Hydralisk x4  
  163  9:52  Spine Crawler  
  168  9:53  Drone  
  168  9:55  Spine Crawler  
  168  9:56  Hydralisk x4  
  168  9:57  Spine Crawler  
  174  10:05  Greater Spire  
  172  10:09  Zergling x30  
  172  10:10  Zergling x20  
  197  10:16  Zerg Missile Weapons Level 3  
  197  10:21  Overseer x2  
  197  10:22  Baneling  
  197  10:23  Baneling x7  
  195  10:47  Adrenal Glands  
  188  10:53  Corruptor x3  
  188  10:54  Corruptor x3  
  198  11:03  Spine Crawler  
  197  11:04  Spine Crawler, Baneling x2  
  197  11:05  Baneling x15  
  197  11:06  Baneling  
  196  11:14  Spine Crawler, Spore Crawler  
  193  11:34  Zerg Flyer Weapons Level 1  
  193  11:47  Baneling x6  
  193  11:48  Baneling x2  
  193  11:52  Brood Lord x3  
  199  12:00  Baneling x15  
  199  12:01  Baneling x3  
  199  12:03  Zerg Melee Weapons Level 3  
  197  12:09  Spire  
  194  12:21  Burrow, Pathogen Glands  
  192  12:28  Spine Crawler, Hatchery  
  184  12:30  Spine Crawler  
  184  12:32  Spine Crawler  
  180  12:41  Corruptor x2, Brood Lord x3  
  190  12:54  Drone  
  190  12:55  Spine Crawler, Drone x2  
  192  12:59  Extractor x2, Infestor x3  
  192  13:04  Infestor  
  198  13:12  Pneumatized Carapace  
  198  13:16  Corruptor  
  200  13:21  Spore Crawler  
  199  13:29  Spore Crawler  
  199  13:33  Zerg Flyer Weapons Level 2, Zerg Flyer Armor Level 1  
  198  13:34  Zerg Ground Armor Level 1  
  198  13:37  Infestor  
  195  13:55  Drone x3  
  191  14:04  Drone  
  191  14:05  Drone x3  
  191  14:06  Spine Crawler  
  191  14:07  Spine Crawler  
  191  14:08  Spine Crawler  
  191  14:09  Spore Crawler  
  191  14:11  Spine Crawler, Infestor  
  191  14:14  Infestor  
  194  14:27  Infestor x3  
  191  14:35  Drone x3  
  191  14:36  Drone  
  191  14:37  Drone  
  196  14:40  Drone  
  194  14:47  Infestor  
  196  14:58  Brood Lord  
  189  15:08  Drone x2, Infestor  
  189  15:09  Spore Crawler x2  
  189  15:12  Infestor  
  193  15:21  Neural Parasite  
  193  15:38  Brood Lord  
  193  15:39  Brood Lord  
  193  15:42  Spore Crawler, Drone x2  
  195  15:43  Spore Crawler  
  188  15:53  Zerg Flyer Weapons Level 3  
  182  16:03  Zerg Flyer Armor Level 2  
  182  16:19  Overseer x3  
  182  16:24  Drone x3  
  185  16:29  Spore Crawler  
  185  16:31  Spore Crawler  
  183  16:42  Spore Crawler  
  183  16:43  Spore Crawler  
  181  16:52  Infestor  
  181  16:53  Infestor x3  
  189  17:03  Infestor x3  
  195  17:09  Drone  
  195  17:10  Drone x2  
  198  17:15  Drone  
  198  17:17  Spore Crawler  
  198  17:39  Spore Crawler x2  
  196  17:50  Infestor  
  192  18:09  Drone  
  192  18:11  Spine Crawler  
  192  18:17  Spine Crawler  
  192  18:18  Spore Crawler  
  190  18:20  Spine Crawler  
  189  18:34  Zerg Ground Armor Level 2  
  189  18:35  Zerg Flyer Armor Level 3  
  189  18:40  Ultralisk Cavern  
  188  18:42  Infestor x6  
  200  18:57  Overlord x5  
  200  19:01  Overseer x3  
  200  19:02  Overseer  
  200  19:03  Overseer  
  200  19:05  Overseer  
  200  19:22  Spore Crawler, Drone  
  196  20:17  Drone  
  196  20:18  Drone x3  
  200  20:24  Hatchery  
  200  20:27  Spore Crawler  
  197  20:30  Spore Crawler  
  190  20:41  Baneling  
  190  20:48  Extractor  
  189  20:52  Spine Crawler  
  189  20:53  Extractor  
  189  20:57  Spine Crawler x2  
  184  21:05  Drone x6  
  184  21:07  Corruptor x2  
  194  21:20  Zergling x10  
  198  21:39  Zerg Ground Armor Level 3  
  198  21:44  Drone  
  199  21:49  Spore Crawler  
  199  21:50  Spore Crawler x2, Infestor x11  
  199  21:51  Spore Crawler, Infestor x16  
  199  21:52  Spore Crawler x3  
  199  21:53  Spore Crawler  
  167  21:58  Infestor x9  
  167  21:59  Infestor x3  
  191  22:06  Infestor x4  
  177  22:30  Infestor  
  177  22:31  Infestor x9  
  195  22:49  Baneling  
  195  22:50  Baneling x9  
  181  23:13  Spore Crawler  
  181  23:14  Spore Crawler  
  181  23:16  Spore Crawler  
  181  23:17  Corruptor x2  
  181  23:18  Brood Lord x2  
  186  23:23  Corruptor  
  188  23:29  Ultralisk  
  194  23:40  Zergling x10  
  199  24:31  Baneling  
  199  24:42  Spore Crawler x2  
  199  24:44  Spore Crawler x3  
  193  24:59  Infestor  
  189  25:00  Infestor x4  
  190  26:37  Brood Lord x2  
  194  26:44  Infestor x2  
  198  27:06  Hatchery  
  137  27:32  Corruptor x12  
  137  27:33  Corruptor x10  
  155  27:39  Corruptor, Overlord  
  157  27:44  Ultralisk x3  
  157  27:45  Ultralisk x4  
  199  28:12  Zergling x16  
  190  28:13  Zergling x12  
  181  28:22  Corruptor x2  
  179  28:28  Corruptor  
  181  28:35  Corruptor  
  181  28:40  Queen  
  185  28:53  Corruptor x2  
Show
View Real Time Build Order
Export as new Build Order

DnS Protoss 

Build Orders: 1 Gate Expand, Oracle Opening, Carriers 

Get SALT Encoding   

  12  0:02  Probe (Chrono Boost)  
  14  0:14  Probe (Chrono Boost)  
  14  0:19  Pylon  
  14  0:26  Probe (Chrono Boost)  
  15  0:33  Probe (Chrono Boost)  
  15  0:41  Probe (Chrono Boost)  
  16  0:44  Gateway  
  17  0:50  Assimilator  
  17  0:53  Probe (Chrono Boost)  
  19  1:06  Probe (Chrono Boost)  
  19  1:18  Probe (Chrono Boost)  
  20  1:28  Nexus  
  20  1:37  Cybernetics Core  
  20  1:42  Probe (Chrono Boost)  
  20  1:46  Assimilator  
  22  1:54  Probe (Chrono Boost)  
  22  1:55  Pylon  
  22  2:03  Adept  
  22  2:06  Probe (Chrono Boost)  
  25  2:18  Probe (Chrono Boost)  
  25  2:20  Adept  
  25  2:21  Stargate  
  27  2:30  Probe (Chrono Boost)  
  27  2:36  Warp Gate  
  29  2:42  Probe x2 (Chrono Boost)  
  31  2:54  Probe x2 (Chrono Boost)  
  31  2:55  Oracle  
  38  3:06  Probe x2 (Chrono Boost)  
  38  3:10  Adept  
  40  3:18  Probe (Chrono Boost)  
  40  3:19  Probe (Chrono Boost)  
  42  3:20  Gateway  
  42  3:28  Shield Battery  
  42  3:29  Shield Battery  
  42  3:30  Probe (Chrono Boost)  
  42  3:31  Probe (Chrono Boost)  
  44  3:36  Probe (Chrono Boost)  
  46  3:42  Pylon  
  46  3:43  Probe (Chrono Boost)  
  46  3:56  Shield Battery  
  46  3:57  Pylon  
  46  4:01  Probe x2 (Chrono Boost)  
  46  4:04  Gateway  
  46  4:09  Phoenix  
  48  4:14  Adept x2, Probe x2 (Chrono Boost), Pylon  
  54  4:18  Assimilator  
  54  4:26  Probe x2 (Chrono Boost)  
  54  4:28  Pylon  
  54  4:29  Assimilator  
  56  4:38  Probe x2 (Chrono Boost)  
  58  4:49  Adept x2  
  58  4:50  Probe x2 (Chrono Boost)  
  64  4:58  Nexus  
  64  5:01  Pylon  
  64  5:02  Probe x2 (Chrono Boost)  
  64  5:05  Sentry  
  68  5:08  Pylon  
  68  5:09  Probe x2 (Chrono Boost)  
  70  5:16  Probe x2 (Chrono Boost)  
  70  5:18  Robotics Facility  
  72  5:22  Sentry  
  72  5:23  Sentry  
  78  5:28  Probe x2 (Chrono Boost)  
  78  5:33  Shield Battery  
  78  5:34  Sentry  
  80  5:36  Probe x2 (Chrono Boost), Pylon  
  82  5:42  Probe x2 (Chrono Boost)  
  82  5:48  Sentry x2  
  88  5:50  Probe (Chrono Boost), Pylon  
  88  5:55  Probe (Chrono Boost)  
  88  5:57  Probe (Chrono Boost)  
  90  6:00  Forge, Twilight Council  
  91  6:06  Warp Prism  
  91  6:07  Probe (Chrono Boost)  
  91  6:09  Probe (Chrono Boost)  
  95  6:11  Robotics Bay  
  95  6:15  Probe (Chrono Boost)  
  97  6:19  Probe (Chrono Boost)  
  97  6:21  Probe (Chrono Boost)  
  97  6:22  Assimilator  
  97  6:23  Assimilator  
  98  6:27  Probe (Chrono Boost)  
  98  6:31  Probe (Chrono Boost)  
  100  6:32  Pylon  
  100  6:34  Gateway x2  
  100  6:36  Protoss Ground Weapons Level 1, Colossus  
  100  6:38  Charge  
  100  6:42  Gateway  
  100  6:44  Gateway  
  100  6:53  Pylon  
  106  7:01  Gateway  
  106  7:11  Colossus  
  106  7:12  Nexus  
  106  7:13  Pylon  
  106  7:24  Robotics Facility  
  106  7:34  Zealot x3, Probe x3 (Chrono Boost)  
  121  7:38  Extended Thermal Lance  
  121  7:39  Templar Archives  
  121  7:47  Shield Battery  
  121  7:50  Pylon  
  121  7:51  Pylon  
  121  7:54  Colossus  
  121  7:59  Zealot x7  
  121  8:00  Protoss Ground Weapons Level 2  
  121  8:04  Colossus  
  147  8:21  High Templar x2  
  147  8:22  High Templar x2  
  147  8:23  Gateway  
  147  8:24  Gateway  
  147  8:26  Archon x2  
  155  8:27  Gateway  
  155  8:46  Assimilator  
  155  8:47  Assimilator  
  155  8:48  Immortal, Probe x2 (Chrono Boost)  
  157  8:49  Pylon  
  157  8:51  Zealot  
  157  8:52  Immortal  
  162  8:57  High Templar  
  162  8:58  High Templar, Zealot x3  
  176  9:03  Archon  
  176  9:05  Blink  
  176  9:06  Photon Cannon  
  176  9:07  Photon Cannon, Pylon x2  
  176  9:25  Zealot x3  
  176  9:26  Zealot  
  176  9:28  Photon Cannon, High Templar x2, Zealot  
  176  9:29  Zealot x2  
  192  9:33  Observer x2  
  192  9:36  Archon  
  194  9:54  Warp Prism  
  194  9:56  Pylon  
  194  9:58  Pylon  
  196  10:00  Pylon  
  196  10:03  Dark Shrine  
  192  10:13  Fleet Beacon  
  192  10:15  Stargate  
  192  10:21  Zealot x5  
  200  10:35  Mothership (Chrono Boost)  
  194  10:48  Zealot x4, Protoss Air Weapons Level 1  
  178  10:58  Stargate  
  178  10:59  Carrier, Stargate  
  198  11:30  Nexus  
  185  11:43  Carrier x2  
  197  11:49  Pylon  
  197  11:50  Pylon  
  197  11:51  Pylon  
  197  11:53  Carrier  
  193  12:13  Probe (Chrono Boost)  
  193  12:14  Probe (Chrono Boost)  
  193  12:15  Carrier  
  184  12:27  Zealot x2  
  184  12:28  Zealot  
  184  12:29  Zealot  
  171  12:39  Probe x3 (Chrono Boost)  
  174  12:54  Probe (Chrono Boost)  
  174  12:55  Probe x3 (Chrono Boost)  
  178  12:58  Carrier x2  
  179  13:07  Probe (Chrono Boost)  
  179  13:08  Protoss Ground Weapons Level 3  
  191  13:24  Carrier  
  185  13:49  Carrier  
  183  14:03  Graviton Catapult  
  183  14:07  High Templar x3  
  183  14:08  High Templar  
  187  14:10  Dark Shrine  
  187  14:12  Archon x2  
  187  14:14  Carrier x2  
  187  14:29  Nexus  
  187  14:31  Pylon  
  199  14:40  Pylon  
  199  14:45  Probe (Chrono Boost)  
  200  14:49  Cybernetics Core x2  
  200  14:56  Photon Cannon x2  
  198  15:05  Photon Cannon  
  198  15:06  Pylon  
  198  15:07  Photon Cannon  
  198  15:19  Oracle  
  196  15:21  Protoss Air Weapons Level 2  
  196  15:27  Protoss Air Armor Level 1  
  193  15:35  Dark Templar  
  195  15:37  Dark Templar x2  
  199  15:46  Protoss Shields Level 1  
  198  16:06  Assimilator  
  198  16:08  Assimilator  
  198  16:10  Assimilator  
  198  16:15  Photon Cannon x2  
  198  16:17  Photon Cannon  
  198  16:20  Pylon  
  198  16:21  Photon Cannon  
  198  16:22  Pylon  
  198  16:24  Pylon  
  198  16:39  Dark Templar  
  198  16:54  Oracle  
  193  16:58  Psionic Storm  
  195  17:06  High Templar x3  
  199  17:11  High Templar  
  199  17:12  High Templar  
  199  17:14  Protoss Air Armor Level 2  
  199  17:15  Protoss Air Weapons Level 3  
  200  17:16  Protoss Shields Level 2  
  200  17:31  Nexus  
  200  17:35  Pylon  
  199  17:37  Pylon  
  198  18:11  Observer  
  195  18:13  Photon Cannon  
  195  18:15  Gateway  
  195  18:17  Gateway  
  195  18:18  Photon Cannon  
  194  18:31  Carrier  
  200  18:57  Oracle  
  199  19:02  Nexus  
  199  19:03  Pylon  
  199  19:17  Pylon  
  199  19:40  Protoss Air Armor Level 3  
  199  19:52  Protoss Shields Level 3  
  195  20:12  Carrier  
  197  20:47  Dark Templar  
  196  20:52  Carrier  
  196  20:54  Zealot x9  
  196  21:01  Oracle  
  196  21:02  Oracle  
  198  21:22  Photon Cannon  
  198  21:24  Probe (Chrono Boost)  
  198  21:25  Probe x2 (Chrono Boost)  
  189  21:31  Carrier  
  185  21:33  Carrier  
  189  21:56  Carrier  
  193  22:19  Stalker x3  
  193  22:50  Nexus  
  193  22:59  Observer x2  
  193  23:05  High Templar x2  
  199  23:49  Pylon  
  199  24:08  Archon  
  196  24:18  High Templar x2  
  196  24:27  High Templar x2  
  184  25:12  Dark Templar x2  
  184  25:13  Dark Templar x2  
  184  25:14  Dark Templar x4  
  196  25:19  Archon x4  
  200  25:40  Photon Cannon  
  200  25:41  Photon Cannon  
  200  25:43  Shield Battery  
  170  26:29  Stalker x2  
  170  26:30  Stalker x8  
  170  26:31  Observer  
  175  26:33  Observer  
  177  26:54  Dark Templar x6  
  181  26:55  Dark Templar x3  
  181  26:56  Dark Templar  
  181  26:58  Archon x3  
  181  26:59  Archon x2  
  161  27:42  Stalker x9  
  113  28:26  High Templar x2  
  103  28:30  High Templar x2, Archon  
  107  28:34  Archon  
  107  28:36  High Templar x2  
  107  28:40  Archon  
Tags
 
Add a new tag
Caveats
  • Supply blocks, unpowered buildings, or Contaminate may cause inaccurate times.
  • Supply counts are checked every 10 seconds.